 Dungeon Crawl Stone Soup version 0.16.1-16-gc44b35d (webtiles) character file.

310028 jacksonaction the Hoplite (level 20, -5/143 HPs)
             Began as a Minotaur Berserker on Apr 17, 2015.
             Was a High Priest of Trog.
             Killed from afar by a hellion (38 damage)
             ... with a burst of hellfire
             ... on level 2 of the Abyss on Apr 18, 2015.
             The game lasted 05:39:21 (46327 turns).

jacksonaction the Hoplite (Minotaur Berserker)     Turns: 46327, Time: 05:39:21

Health: -5/143     AC: 35    Str: 33    XL:     20   Next: 38%
Magic:  6/6        EV: 24    Int:  6    God:    Trog [*****.]
Gold:   4010       SH: 24    Dex: 19    Spells: 0 memorised, 19 levels left

rFire  . . .     SeeInvis +     A - +6 war axe of the Gnat {chop, +Fly rElec}
rCold  + + .     Clarity  +     p - +3 plate armour {rPois}
rNeg   + . .     SustAb   +     v - +5 shield {reflect}
rPois  +         Gourm    .     X - +2 hat {MR+}
rElec  +         Spirit   .     D - +0 cloak of Starlight {rElec rC+ EV+4 Stlth-}
rCorr  .         Warding  +     P - +2 pair of gloves {archery}
rMut   .         Stasis   .     Y - +2 pair of boots {Fly}
MR     ++++.                    T - macabre finger necklace {Ward rN+}
Stlth  ..........               e - ring of see invisible
                                V - ring "Dolicw" {SustAb +Inv Dex+6 Slay-5}
                                Q - ring "Bloups" {rC+ Str+5 Int+2 Slay-4}

@: flying, regenerating, slowed, very slow, incredibly resistant to hostile
enchantments, extremely unstealthy
A: retaliatory headbutt, horns 2, clarity, frail 1, low mp 1, evolution 1,
MP-powered wands 1
a: Burn Spellbooks, Berserk, Trog's Hand, Brothers in Arms, Renounce Religion,
Evoke Invisibility, Stop Flying
}: 2/15 runes: decaying, serpentine


You were on level 2 of the Abyss.
You worshipped Trog.
Trog was extremely pleased with you.
You were hungry.

You visited 6 branches of the dungeon, and saw 37 of its levels.
You visited the Abyss 1 time.
You also visited: Ossuary, Bailey and Ice Cave.

You collected 5380 gold pieces.
You spent 1370 gold pieces at shops.

Inventory:

Hand weapons
 b - a +2 vampiric war axe
 A - the +6 war axe of the Gnat (weapon) {chop, +Fly rElec}
   (Trog gifted it to you on level 3 of the Snake Pit)

   It inflicts extra damage upon your enemies.
   It insulates you from electricity.
   It lets you fly.
 F - the +5 trident of Ongyd {antimagic, rF+ Str+5 Int-2}
   (You found it on level 2 of the Snake Pit)

   It disrupts the flow of magical energy around spellcasters and certain
   magical creatures (including the wielder).
   It affects your strength (+5).
   It affects your intelligence (-2).
   It protects you from fire.
 J - a +1 double sword of holy wrath
Missiles
 f - 10 javelins of penetration (quivered)
Armour
 p - a +3 plate armour of poison resistance (worn)
 v - a +5 shield of reflection (worn)
 D - the +0 cloak of Starlight (worn) {rElec rC+ EV+4 Stlth-}
   (You acquired it on level 1 of the Snake Pit)

   It affects your evasion (+4).
   It protects you from cold.
   It insulates you from electricity.
   It makes you less stealthy.
 P - a +2 pair of gloves of archery (worn)
 S - the +2 cloak of Quantum Leap {rCorr Dex-2 SInv}
   (You found it on level 8 of the Lair of Beasts)

   It affects your dexterity (-2).
   It enhances your eyesight.
   It protects you from acid and corrosion.
 X - a +2 hat of magic resistance (worn)
 Y - a +2 pair of boots of flying (worn)
Rods
 K - a +7 rod of destruction (10/10)
   (You found it on level 3 of the Elven Halls)
Jewellery
 e - a ring of see invisible (right hand)
 q - an uncursed amulet of warding {unknown}
 B - an uncursed amulet of resist mutation
 E - an uncursed ring of positive energy
 N - a +4 ring of strength
 Q - the ring "Bloups" (on amulet) {rC+ Str+5 Int+2 Slay-4}
   (You took it off a deep elf master archer on level 3 of the Elven Halls)

   [ring of protection from cold]

   It affects your strength (+5).
   It affects your intelligence (+2).
   It affects your accuracy and damage with ranged weapons and melee attacks
   (-4).
   It protects you from cold.
 T - the macabre finger necklace (around neck) {Ward rN+}
   (You found it on level 7 of the Lair of Beasts)

   [amulet of warding]

   It may prevent the melee attacks of summoned creatures.
   It protects you from negative energy.
 V - the ring "Dolicw" (left hand) {SustAb +Inv Dex+6 Slay-5}
   (You found it in an ice cave)

   [ring of sustain abilities]

   It sustains your strength, intelligence and dexterity.
   It affects your dexterity (+6).
   It affects your accuracy and damage with ranged weapons and melee attacks
   (-5).
   It lets you turn invisible.
Magical devices
 a - a wand of teleportation (4)
 m - a wand of digging (10)
 n - a wand of fireball (6)
Scrolls
 j - 12 scrolls of teleportation
 r - 11 scrolls of identify
 u - 7 scrolls of recharging
 w - 5 scrolls of magic mapping
 y - 7 scrolls of blinking
 C - 3 scrolls of fear
 I - 9 scrolls of fog
 L - 6 scrolls of remove curse
 U - a scroll of holy word
Potions
 d - 3 potions of invisibility
 g - 5 potions of might
 h - 23 potions of curing
 i - 8 potions of restore abilities
 o - 3 potions of heal wounds
 t - 4 potions of cancellation
 z - 5 potions of berserk rage
 G - 7 potions of haste
 H - 2 potions of cure mutation
 O - a potion of resistance
 R - 4 potions of agility
Miscellaneous
 x - an ornate deck of wonders
Comestibles
 c - 23 bread rations
 k - 14 beef jerkies
 l - 16 meat rations
 s - 20 fruits
 W - a slice of pizza


   Skills:
 + Level 9.3 Fighting
 - Level 14.6(17.1) Axes
 - Level 15.5(17.6) Polearms
 + Level 22.6 Armour
 - Level 15.0 Dodging
 - Level 23.0 Shields


You had 19 spell levels left.
You didn't know any spells.

Dungeon Overview and Level Annotations

Branches:
Dungeon (12/15)            Temple (0/1) D:6            Lair (8/8) D:11
  Swamp (5/5) Lair:6        Snake (5/5) Lair:5        Slime (0/6) Lair:6
    Orc (4/4) D:12            Elf (3/3) Orc:4

Altars:
Cheibriados
Kikubaaqudgha
Okawaru
Qazlal
Sif Muna
Xom
Yredelemnul
Zin

Shops:
D:4 *   D:11 %   D:12 *   Orc:4 }([!%   Snake:3 *   Snake:5 =

Portals:
Pandemonium: Orc:4


Innate Abilities, Weirdness & Mutations

You reflexively headbutt those who attack you in melee.
You have a pair of horns on your head.
You possess an exceptional clarity of mind.
You are frail (-10% HP).
Your magical capacity is low (-10% MP).
You evolve.
You expend magic power (3 MP) to slightly strengthen your wands.


Message History

The worldbinder completely misses you.
You slash the worldbinder!
The worldbinder is almost destroyed.
You block the worldbinder's attack. The worldbinder barely misses you.
The worldbinder hits you but does no damage.
The worldbinder completely misses you.
You slash the worldbinder!
You destroy the worldbinder!
The naga disappears in a puff of smoke!
The hellion gestures at you.
The hellfire explodes!
The burst of hellfire engulfs you!
* * * LOW HITPOINT WARNING * * *
The hellion gestures at you.
The hellfire explodes!
The burst of hellfire engulfs you!
* * * LOW HITPOINT WARNING * * *
Drink which item? (? for menu, Esc to quit)
You feel much better. The hellion gestures at you.
The hellfire explodes!
The burst of hellfire engulfs you!
You die...

### . # #. . .#
## # . .# #.
... #.#..# . .
# #..........#
... ....#
...#.#. # . . #
###... #.# #.
.#....##...##.#
. ##..#.#§...#
. #....#@# . .
. #
#...#§.......
##.. 2...#..
###.###.# .# #
.. ..# ##. .#


You could see a hellion.

Vanquished Creatures
  An ancient lich (Abyss:1)
  Saint Roka (Snake:4)
  An Ice Fiend (IceCv)
  5 deep elf blademasters
  A deep elf master archer (Elf:3)
  4 tentacled starspawn
  3 thorn hunters
  Rupert (Elf:1)
  The ghost of lyvzm the Fencer, a mighty MiBe of Trog (Swamp:3)
  Kirke (Swamp:2)
  Frances (Swamp:4)
  4 greater nagas
  6 deep elf sorcerers (Elf:3)
  A balrug (Abyss:2)
  Aizul (Snake:4)
  The ghost of Golfball the Blocker, a powerful GrBe of Trog (Snake:1)
  4 deep elf demonologists (Elf:3)
  9 deep elf annihilators
  Snorg (Swamp:4)
  3 deep elf death magi
  The ghost of murphyslaw the Unseen, a powerful FeEn of Ru (Swamp:5)
  A quicksilver dragon zombie (Abyss:1)
  3 deep elf high priests
  The ghost of theJOKER the Blocker, a powerful GrFi of the Shining One (D:12)
  Fannar (Lair:6)
  19 hydras
  A quicksilver dragon skeleton (Abyss:1)
  10 naga warriors
  4 catoblepae
  15 anacondas
  A merfolk avatar (Swamp:4)
  A centaur warrior (D:12)
  15 dancing weapons (Elf:2)
  7 alligators
  12 death yaks (Lair:8)
  A ghost crab (Swamp:4)
  A spriggan berserker (Swamp:2)
  9 orc high priests (Orc:4)
  A hell hog (Abyss:2)
  4 thrashing horrors (Abyss:1)
  8 shock serpents
  3 sun demons
  8 naga sharpshooters
  2 wretched stars (Abyss:1)
  3 skeletal warriors (D:12)
  A salamander mystic (Snake:3)
  15 deep elf knights
  2 unseen horrors
  2 shadow wraiths (Abyss:1)
  An infernal demonspawn (Orc:4)
  A storm dragon skeleton (Abyss:1)
  6 ice devils
  A giant orange brain (Abyss:2)
  4 spriggan druids
  12 swamp dragons
  11 naga ritualists
  6 orc knights (Orc:4)
  6 starcursed masses (Abyss:1)
  An ice statue (Elf:3)
  A death drake (Abyss:2)
  A necromancer (Abyss:1)
  A shambling mangrove (Swamp:5)
  7 deep elf summoners
  Pikel (D:7)
  3 hill giants
  An oklob plant (Lair:7)
  15 deep elf conjurers
  7 ugly things
  A torturous demonspawn (Orc:4)
  The ghost of jacksonaction the Summoner, an experienced DESu of Sif Muna (D:8)
  13 mana vipers
  A stone giant zombie (Abyss:1)
  10 salamanders
  A hornet (Swamp:1)
  3 orc sorcerers
  2 worldbinders
  2 sixfirhies
  A faun (shapeshifter) (Elf:3)
  A manticore (D:11)
  A hornet (shapeshifter) (Elf:3)
  5 smoke demons
  3 cyclopes
  20 elephants
  4 guardian serpents
  Maurice (D:8)
  6 drowned souls (Swamp:4)
  38 black mambas
  A fire giant skeleton (Abyss:1)
  An orange demon (Orc:4)
  Joseph (D:8)
  A frost giant skeleton (Abyss:1)
  15 naga magi
  9 komodo dragons
  Psyche (D:8)
  3 gargoyles (D:12)
  32 spiny frogs
  14 large abominations
  3 centaur skeletons
  2 golden dragon simulacra (IceCv)
  A hellion (Abyss:1)
  4 freezing wraiths (IceCv)
  2 anaconda simulacra (IceCv)
  An ancient zyme (Abyss:1)
  2 hellwings
  A fire drake (shapeshifter) (D:12)
  A tormentor (Abyss:1)
  17 deep elf priests
  3 jumping spiders
  A wolf spider simulacrum (IceCv)
  2 fire drakes
  4 trolls
  2 blue devils
  24 slime creatures
  10 blink frogs
  6 baby alligators
  A polar bear (Lair:6)
  8 ravens
  5 giant leeches
  7 raiju (Abyss:1)
  A trapdoor spider zombie (D:11)
  A two-headed ogre (D:10)
  A fire dragon zombie (Abyss:2)
  A raven (shapeshifter) (Abyss:1)
  2 shadows
  9 bog bodies
  56 yaks
  A boulder beetle (Abyss:1)
  5 ynoxinuls
  4 redbacks
  11 spriggans
  5 tarantellas
  21 deep elf magi
  A hungry ghost (D:10)
  3 basilisks
  2 wyverns
  4 hogs (Swamp:2)
  3 harpy simulacra (IceCv)
  13 vampire mosquitoes
  4 fire bats (Lair:3)
  A death yak simulacrum (IceCv)
  7 small abominations
  10 wolves
  6 neqoxecs
  4 wargs
  22 deep elf fighters
  5 hippogriffs
  Edmund (D:7)
  31 insubstantial wisps
  A soldier ant (D:11)
  8 swamp drakes
  5 chaos spawn
  42 water moccasins
  5 hydra simulacra (IceCv)
  2 iron troll simulacra (IceCv)
  27 swamp worms
  56 nagas
  5 porcupines
  Purgy (D:4)
  An alligator simulacrum (IceCv)
  10 ogres
  An eye of draining (Abyss:1)
  44 orc warriors
  2 sky beasts
  9 wasps
  2 black bears
  The ghost of jacksonaction the Chopper, an average MiBe of Trog (D:3)
  7 ice beasts
  2 boring beetles
  4 phantoms
  An ettin simulacrum (IceCv)
  5 centaurs
  17 crocodiles
  A necrophage (D:7)
  Sigmund (D:2)
  Duvessa (D:8)
  A big kobold (D:12)
  4 brain worms (Abyss:1)
  A gnoll sergeant (D:5)
  Blork the orc (D:9)
  19 giant frogs
  2 earth elementals (D:12)
  8 scorpions
  A wyvern skeleton (D:12)
  A spriggan zombie (Abyss:1)
  14 killer bees
  6 wights
  5 crimson imps
  4 centaur zombies
  An electric eel (Lair:6)
  A goliath beetle (D:9)
  A vampire bat (Lair:7)
  Dowan (D:8)
  25 orc priests
  A human zombie (Ossuary)
  2 lava snakes (Lair:3)
  2 quasits
  A giant frog zombie (D:9)
  5 draconian simulacra (IceCv)
  5 jellies
  3 giant frog skeletons
  7 iguanas
  8 worker ants
  15 hounds
  Natasha (thrice) (D:5)
  2 iron imps (Abyss:1)
  19 orc wizards
  A polar bear simulacrum (IceCv)
  A wolf simulacrum (IceCv)
  9 hell rats
  A killer bee zombie (D:8)
  48 sheep
  2 centaur simulacra (IceCv)
  Ijyb (D:7)
  2 big kobold zombies (Ossuary)
  A hound zombie (D:7)
  A hound skeleton (D:8)
  4 mummies
  3 gnolls (D:5)
  3 worker ant zombies
  An ogre simulacrum (IceCv)
  25 adders
  24 river rats
  5 scorpion zombies (Ossuary)
  2 naga simulacra (IceCv)
  2 shadow imps
  5 white imps
  A giant mite (D:7)
  3 worms
  18 ufetubi
  3 adder zombies
  An adder skeleton (D:4)
  10 giant geckos
  4 oozes
  171 orcs
  3 ball pythons (D:4)
  23 bats
  A bat skeleton (D:5)
  3 bat zombies
  19 hobgoblins
  19 quokkas
  8 giant cockroaches
  A giant gecko zombie (D:6)
  7 giant newts
  A giant spore (D:8)
  A gnoll zombie (Ossuary)
  16 goblins
  3 goblin zombies (Ossuary)
  15 jackals
  A jackal zombie (D:6)
  15 kobolds
  3 kobold zombies (Ossuary)
  A lurking horror (Abyss:1)
  An orc zombie (Ossuary)
  A quokka skeleton (D:8)
  15 rats
  A ballistomycete (D:8)
  5 briar patches
  A bush (D:8)
  3 crawling corpses (Elf:3)
  11 fungi
  7 plants
  7 starspawn tentacles
1796 creatures vanquished.

Vanquished Creatures (collateral kills)
  A deep elf master archer (Elf:3)
  A thorn hunter (Swamp:5)
  Donald (Orc:3)
  4 deep elf sorcerers (Elf:3)
  A deep elf demonologist (Elf:3)
  2 deep elf death magi (Elf:3)
  3 hydras
  An alligator (Swamp:3)
  A thrashing horror (Abyss:1)
  A naga sharpshooter (Snake:1)
  2 swamp dragons (Swamp:5)
  A large abomination (Abyss:1)
  A smoke demon (Abyss:1)
  2 baby alligators (Swamp:3)
  3 boulder beetles (Abyss:1)
  2 spriggans (Swamp:3)
  2 vampire mosquitoes (Swamp:5)
  A swamp worm (Swamp:3)
  2 insubstantial wisps (Swamp:3)
  A naga (Snake:1)
  2 swamp drakes (Swamp:3)
  2 wasps (Swamp:3)
  A small abomination (Abyss:1)
  A giant frog (Swamp:3)
  2 ufetubi (Abyss:1)
41 creatures vanquished.

Vanquished Creatures (others)
  A deep elf master archer (Elf:3)
  A deep elf high priest (Elf:3)
  2 alligators
  4 naga sharpshooters
  A salamander mystic (Snake:5)
  2 deep trolls
  A spiny frog (Swamp:4)
  A naga mage (Snake:3)
  3 trolls
  A deep elf fighter (Elf:1)
  A slave (D:7)
  A lost soul (Elf:3)
  An ogre (Abyss:1)
  A giant frog (D:7)
  2 ufetubi (Abyss:1)
  A lurking horror (Abyss:1)
  3 briar patches
  3 bushes (D:8)
  A crawling corpse (Elf:3)
  4 fungi
  6 plants
  10 starspawn tentacles
  372 starspawn tentacle segments
  7 toadstools (Swamp:3)
430 creatures vanquished.

Grand Total: 2267 creatures vanquished

Notes
Turn   | Place    | Note
--------------------------------------------------------------
     0 | D:1      | jacksonaction, the Minotaur Berserker, began the quest for the Orb.
     0 | D:1      | Reached XP level 1. HP: 19/19 MP: 1/1
   121 | D:1      | Reached skill level 4 in Axes
   149 | D:1      | Reached XP level 2. HP: 24/27 MP: 1/1
   576 | D:2      | Found a basalt altar of Yredelemnul.
   576 | D:2      | Noticed Sigmund
   581 | D:2      | Killed Sigmund
   581 | D:2      | Acquired Trog's second power
   581 | D:2      | Reached skill level 5 in Fighting
   581 | D:2      | Reached skill level 5 in Axes
   581 | D:2      | Reached XP level 3. HP: 36/36 MP: 2/2
   581 | D:2      | Reached XP level 4. HP: 42/42 MP: 2/2
   778 | D:2      | Reached XP level 5. HP: 48/48 MP: 2/2
  1368 | D:3      | Noticed jacksonaction's ghost (average MiBe)
  1396 | D:3      | Killed jacksonaction's ghost
  1396 | D:3      | Reached skill level 6 in Fighting
  1396 | D:3      | Reached XP level 6. HP: 58/58 MP: 3/3
  2081 | D:4      | Found Ivusot's General Store.
  2094 | D:4      | Bought a scroll of identify for 26 gold pieces
  2094 | D:4      | Bought a scroll of enchant armour for 97 gold pieces
  2120 | D:4      | Found Wupam's Magic Scroll Emporium.
  2158 | D:4      | Reached skill level 7 in Fighting
  2192 | D:4      | Bought a scroll of remove curse for 42 gold pieces
  2192 | D:4      | Bought a scroll of enchant weapon for 105 gold pieces
  2192 | D:4      | Bought a scroll of random uselessness for 14 gold pieces
  2249 | D:4      | Noticed Purgy
  2258 | D:4      | Killed Purgy
  2258 | D:4      | Reached skill level 1 in Polearms
  2258 | D:4      | Reached XP level 7. HP: 61/66 MP: 3/3
  2636 | D:4      | Received a gift from Trog
  3112 | D:5      | Entered Level 5 of the Dungeon
  3148 | D:5      | Noticed Natasha
  3151 | D:5      | Killed Natasha
  3151 | D:5      | Reached skill level 8 in Fighting
  3156 | D:5      | Acquired Trog's third power
  3402 | D:5      | Noticed Natasha
  3413 | D:5      | Killed Natasha
  3524 | D:5      | Received a gift from Trog
  3700 | D:5      | Reached skill level 9 in Fighting
  3701 | D:5      | Reached XP level 8. HP: 76/78 MP: 3/3
  3765 | D:5      | Noticed Natasha
  3772 | D:5      | Killed Natasha
  3893 | D:5      | Reached skill level 5 in Polearms
  4155 | D:6      | Found a sand-covered staircase.
  4170 | Ossuary  | Entered an ossuary
  4531 | D:6      | Reached skill level 5 in Armour
  4579 | D:6      | Found a staircase to the Ecumenical Temple.
  4594 | D:6      | Reached XP level 9. HP: 74/83 MP: 4/4
  4626 | D:6      | Found an ancient bone altar of Kikubaaqudgha.
  4629 | D:6      | Found a snail-covered altar of Cheibriados.
  4632 | D:6      | Found a deep blue altar of Sif Muna.
  4640 | D:6      | Found an iron altar of Okawaru.
  4932 | D:4      | Bought a scroll of blinking for 105 gold pieces
  5309 | D:7      | Noticed Edmund
  5318 | D:7      | Killed Edmund
  5345 | D:7      | Noticed Pikel
  5354 | D:7      | Noticed Ijyb
  5356 | D:7      | Killed Pikel
  5356 | D:7      | Reached skill level 10 in Polearms
  5358 | D:7      | Killed Ijyb
  5752 | D:7      | Reached skill level 11 in Polearms
  6220 | D:8      | Noticed Dowan
  6226 | D:8      | Killed Dowan
  6242 | D:8      | Found an iron altar of Okawaru.
  6395 | D:8      | Noticed jacksonaction's ghost (experienced DESu)
  6404 | D:8      | Killed jacksonaction's ghost
  6404 | D:8      | Reached skill level 1 in Shields
  6404 | D:8      | Reached XP level 10. HP: 91/91 MP: 4/4
  6456 | D:8      | Found a shimmering altar of Xom.
  6457 | D:8      | Noticed an angel
  6459 | D:8      | Found a glowing silver altar of Zin.
  6486 | D:8      | Noticed Psyche
  6542 | D:8      | Killed Psyche
  6734 | D:8      | Noticed Maurice
  6747 | D:8      | Killed Maurice
  7097 | D:8      | Noticed Joseph
  7122 | D:8      | Killed Joseph
  7157 | D:8      | Noticed Duvessa
  7167 | D:8      | Killed Duvessa
  7167 | D:8      | Reached skill level 12 in Polearms
  7307 | D:8      | Received a gift from Trog
  7639 | D:9      | Noticed Blork the orc
  7647 | D:9      | Killed Blork the orc
  8331 | D:10     | Entered Level 10 of the Dungeon
  8591 | D:10     | Reached XP level 11. HP: 97/97 MP: 4/4
  8599 | D:10     | Reached skill level 13 in Polearms
  8601 | D:10     | Received a gift from Trog
  8679 | D:10     | Noticed a hill giant
  8692 | D:10     | Killed a hill giant
  8692 | D:10     | Reached skill level 10 in Armour
  8825 | D:10     | Reached skill level 5 in Shields
  9270 | D:11     | Noticed a hill giant
  9282 | D:11     | Killed a hill giant
  9543 | D:11     | Found a staircase to the Lair.
  9842 | D:11     | Found Kluyca's Food Shoppe.
 10628 | Lair:1   | Entered Level 1 of the Lair of Beasts
 10894 | Lair:1   | Reached skill level 14 in Polearms
 11582 | Lair:2   | Noticed a seven-headed hydra
 11590 | Lair:2   | Killed a seven-headed hydra
 12468 | D:4      | Bought a scroll of identify for 28 gold pieces
 12468 | D:4      | Bought a scroll of enchant armour for 105 gold pieces
 12468 | D:4      | Bought a scroll of identify for 28 gold pieces
 12468 | D:4      | Bought a scroll of enchant armour for 105 gold pieces
 12468 | D:4      | Bought a scroll of identify for 28 gold pieces
 12468 | D:4      | Bought a scroll of recharging for 133 gold pieces
 12468 | D:4      | Bought a scroll of identify for 28 gold pieces
 12736 | D:12     | Reached XP level 12. HP: 90/104 MP: 5/5
 12843 | D:12     | Received a gift from Trog
 12877 | D:12     | Noticed theJOKER's ghost (powerful GrFi)
 12952 | D:12     | Killed theJOKER's ghost
 13395 | D:12     | Noticed an eight-headed hydra
 13415 | D:12     | Killed an eight-headed hydra
 13477 | D:12     | Found a staircase to the Orcish Mines.
 13577 | D:12     | Reached skill level 10 in Shields
 13652 | D:12     | Noticed a skeletal warrior
 13654 | D:12     | Noticed a skeletal warrior
 13680 | D:12     | Killed a skeletal warrior
 13721 | D:12     | Killed a skeletal warrior
 13721 | D:12     | Reached skill level 15 in Polearms
 13755 | D:12     | Noticed a skeletal warrior
 13772 | D:12     | Killed a skeletal warrior
 13859 | D:12     | Found Khez's Pet Rocks.
 13880 | D:12     | Killed an unseen horror
 14428 | D:12     | Noticed a centaur warrior
 14447 | D:12     | Killed a centaur warrior
 14573 | D:12     | Noticed a hill giant
 14582 | D:12     | Killed a hill giant
 14660 | Orc:1    | Entered Level 1 of the Orcish Mines
 14667 | Orc:1    | Received a gift from Trog
 15060 | Orc:2    | Found a flagged portal.
 15071 | Bailey   | Entered a bailey
 15313 | Bailey   | Got a smoking war axe
 15434 | Bailey   | Identified the cursed -2 war axe "Xeaklot" {pain, rF+ SInv} (You found it in a bailey)
 15776 | Orc:2    | Received a gift from Trog
 16259 | Orc:3    | Noticed Donald
 16271 | Orc:3    | Killed Donald
 16337 | Orc:3    | Reached XP level 13. HP: 111/111 MP: 5/5
 16583 | Orc:3    | Received a gift from Trog
 16623 | Orc:4    | Entered Level 4 of the Orcish Mines
 17041 | Orc:4    | Reached skill level 5 in Dodging
 17067 | Orc:4    | Found Waxzeaha's Distillery.
 17176 | Orc:4    | Found Ebinka's Food Shoppe.
 17222 | Orc:4    | Bought a potion of heal wounds for 70 gold pieces
 17222 | Orc:4    | Bought a potion of heal wounds for 70 gold pieces
 17595 | Orc:4    | Received a gift from Trog
 17725 | Orc:4    | Found Uvvat's Armour Boutique.
 17989 | Orc:4    | Found a staircase to the Elven Halls.
 18373 | Orc:4    | Received a gift from Trog
 18861 | Orc:4    | Found Goduatt's Antique Weapon Shop.
 18861 | Orc:4    | Found Yfuovuka's Gadget Boutique.
 18862 | Orc:4    | Found a one-way gate leading to the halls of Pandemonium.
 19238 | Lair:3   | Reached skill level 15 in Shields
 19407 | Lair:3   | Received a gift from Trog
 20056 | Lair:4   | Reached XP level 14. HP: 81/118 MP: 5/5
 20576 | Lair:4   | Received a gift from Trog
 20935 | Lair:4   | Reached skill level 16 in Shields
 21563 | D:4      | Bought a +2 cloak of poison resistance for 240 gold pieces
 21991 | Lair:5   | Found a staircase to the Snake Pit.
 22861 | Lair:6   | Found a staircase to the Slime Pits.
 22874 | Lair:6   | Received a gift from Trog
 23356 | Lair:6   | Noticed Fannar
 23383 | Lair:6   | Killed Fannar
 23523 | Lair:6   | Reached skill level 17 in Shields
 23532 | Lair:6   | Found a staircase to the Swamp.
 24343 | Lair:7   | Received a gift from Trog
 24889 | Lair:8   | Entered Level 8 of the Lair of Beasts
 25179 | Lair:8   | Reached skill level 15 in Armour
 25263 | Lair:8   | Received a gift from Trog
 25263 | Lair:8   | Reached XP level 15. HP: 110/124 MP: 6/6
 25504 | Lair:8   | Reached skill level 18 in Shields
 26509 | Lair:8   | Got an ancient cloak
 26520 | Lair:8   | Identified the +2 cloak of Quantum Leap {rCorr Dex-2 SInv} (You found it on level 8 of the Lair of Beasts)
 26999 | Elf:1    | Entered Level 1 of the Elven Halls
 27046 | Elf:1    | Reached skill level 19 in Shields
 27725 | Elf:1    | Received a gift from Trog
 27740 | Elf:1    | Noticed Rupert
 27763 | Elf:1    | Killed Rupert
 28596 | Lair:2   | Noticed a five-headed hydra
 28603 | Lair:2   | Killed a five-headed hydra
 28763 | Swamp:1  | Entered Level 1 of the Swamp
 28769 | Swamp:1  | Paralysed by a hornet for 2 turns
 29238 | Swamp:1  | Found a stormy altar of Qazlal.
 29335 | Swamp:1  | Reached skill level 20 in Shields
 29463 | Swamp:1  | Reached skill level 10 in Dodging
 29492 | Swamp:1  | Reached XP level 16. HP: 120/132 MP: 4/6
 29505 | Swamp:1  | Received a gift from Trog
 30390 | Swamp:2  | Noticed Kirke
 30481 | Swamp:2  | Killed Kirke
 30874 | Swamp:2  | Reached skill level 21 in Shields
 31223 | Swamp:3  | Received a gift from Trog
 31226 | Swamp:3  | Noticed lyvzm's ghost (mighty MiBe)
 31240 | Swamp:3  | Killed lyvzm's ghost
 31874 | Swamp:4  | Noticed Snorg
 31883 | Swamp:4  | Killed Snorg
 32258 | Swamp:4  | Received a gift from Trog
 32258 | Swamp:4  | Reached skill level 22 in Shields
 32297 | Swamp:4  | Noticed Frances
 32311 | Swamp:4  | Killed Frances
 32603 | Swamp:4  | Gained mutation: You possess an exceptional clarity of mind. [potion of beneficial mutation]
 32951 | Swamp:5  | Entered Level 5 of the Swamp
 33007 | Swamp:5  | Noticed murphyslaw's ghost (powerful FeEn)
 33013 | Swamp:5  | Killed murphyslaw's ghost
 33061 | Swamp:5  | Reached XP level 17. HP: 137/137 MP: 6/6
 33508 | Swamp:5  | Got a decaying rune of Zot
 34113 | Snake:1  | Entered Level 1 of the Snake Pit
 34177 | Snake:1  | Identified a scroll of acquirement
 34215 | Snake:1  | Received a gift from Trog
 34262 | Snake:1  | Reached skill level 10 in Axes
 34339 | Snake:1  | Noticed Golfball's ghost (powerful GrBe)
 34363 | Snake:1  | Killed Golfball's ghost
 34978 | Snake:2  | Got a bloodstained trident
 34979 | Snake:2  | Identified the +5 trident of Ongyd {antimagic, rF+ Str+5 Int-2} (You found it on level 2 of the Snake Pit)
 35942 | Snake:3  | Received a gift from Trog
 36064 | Snake:3  | Got a jewelled war axe {god gift}
 36065 | Snake:3  | Identified the +6 war axe of the Gnat {chop, +Fly rElec} (Trog gifted it to you on level 3 of the Snake Pit)
 36205 | Snake:3  | Got a smoking ring mail
 36216 | Snake:3  | Identified the +3 ring mail of the Quahog {+Fly MR- Regen+ MP-9 Int+6} (You found it on level 3 of the Snake Pit)
 36261 | Snake:3  | Found Prapniumm's General Store.
 36264 | Snake:3  | Bought a potion of might for 48 gold pieces
 36264 | Snake:3  | Bought a potion of restore abilities for 60 gold pieces
 36583 | Snake:4  | Noticed Aizul
 36953 | Snake:4  | Killed Aizul
 36953 | Snake:4  | Reached XP level 18. HP: 99/145 MP: 7/7
 37130 | Snake:4  | Noticed Saint Roka
 37192 | Snake:4  | Killed Saint Roka
 37575 | Snake:4  | Received a gift from Trog
 37975 | Snake:5  | Entered Level 5 of the Snake Pit
 38073 | Snake:5  | Found Pnoqetyxt's Jewellery Shoppe.
 38082 | Snake:5  | Bought a cursed amulet of inaccuracy for 38 gold pieces
 38945 | Snake:5  | Got a jewelled rapier
 38946 | Snake:5  | Identified the cursed -2 rapier of the Spider Nest {freeze, Str+4} (You took it off a naga on level 5 of the Snake Pit)
 39086 | Snake:5  | Got a serpentine rune of Zot
 39542 | Snake:3  | Received a gift from Trog
 40004 | Elf:2    | Got a steaming plate armour
 40034 | Elf:2    | Identified the +3 plate armour of the Imp {Stlth+} (You found it on level 2 of the Elven Halls)
 40158 | Elf:2    | Reached skill level 23 in Shields
 40323 | Elf:2    | Found a huge runed gate.
 40324 | Elf:2    | Found a huge runed gate.
 40324 | Elf:2    | Found a huge runed gate.
 40324 | Elf:2    | Found a huge runed gate.
 40332 | Elf:2    | Found a huge runed gate.
 40425 | Elf:2    | Received a gift from Trog
 40928 | Elf:2    | Reached XP level 19. HP: 101/151 MP: 7/7
 41215 | Elf:3    | Entered Level 3 of the Elven Halls
 41316 | Elf:3    | Received a gift from Trog
 41345 | Elf:3    | Found a frozen archway.
 41366 | IceCv    | Entered an ice cave
 41885 | IceCv    | Got a sparkling turquoise ring
 41887 | IceCv    | Identified the ring "Dolicw" {SustAb +Inv Dex+6 Slay-5} (You found it in an ice cave)
 43390 | Elf:3    | Got a twitching pewter ring
 43431 | Elf:3    | Received a gift from Trog
 43646 | Elf:3    | Got a crystal short sword
 43647 | Elf:3    | Identified the cursed -1 short sword "Qetsis" {venom, +Fly rC+} (You found it on level 3 of the Elven Halls)
 43705 | Elf:3    | Identified the ring "Bloups" {rC+ Str+5 Int+2 Slay-4} (You took it off a deep elf master archer on level 3 of the Elven Halls)
 43717 | Elf:3    | Got a twisted triple sword
 43719 | Elf:3    | Identified the cursed +2 triple sword of Expedience {slice, rElec MP+9 Dex-4} (You found it on level 3 of the Elven Halls)
 43797 | Elf:3    | Got a steaming quarterstaff
 43820 | Elf:3    | Got a pair of pitted boots
 43841 | Elf:3    | Identified the cursed -2 pair of boots of the Vestibule of Hell {Int+7} (You found it on level 3 of the Elven Halls)
 43841 | Elf:3    | Identified a +7 rod of destruction (10/10) (You found it on level 3 of the Elven Halls)
 43896 | Elf:3    | Cast into the Abyss (a deep elf sorcerer)
 44135 | Abyss:1  | Paralysed by accursed screaming for 1 turns
 44533 | Abyss:1  | Found a stormy altar of Qazlal.
 44894 | Abyss:1  | Reached XP level 20. HP: 128/158 MP: 7/7
 45044 | Abyss:1  | Noticed an ancient lich
 45072 | Abyss:1  | Killed an ancient lich
 45440 | Abyss:1  | Received a gift from Trog
 45553 | Abyss:1  | Gained mutation: You are frail (-10% HP). [a neqoxec]
 45690 | Abyss:1  | Gained mutation: Your magical capacity is low (-10% MP). [a neqoxec]
 45691 | Abyss:1  | Gained mutation: You expend magic power (3 MP) to slightly strengthen your wands. [a neqoxec]
 45703 | Abyss:1  | Gained mutation: You evolve. [a neqoxec]
 45725 | Abyss:1  | Lost intelligence.
 45788 | Abyss:1  | Reached skill level 15 in Dodging
 45840 | Abyss:2  | Found a corrupted altar of Lugonu.
 46327 | Abyss:2  | Killed from afar by a hellion

Action                   |  1- 3 |  4- 6 |  7- 9 | 10-12 | 13-15 | 16-18 | 19-21 || total
-------------------------+-------+-------+-------+-------+-------+-------+-------++-------
Melee: Hand axe          |    40 |     4 |       |       |       |       |       ||    44
       Scythe            |       |   139 |   389 |   228 |       |       |       ||   756
       Spear             |       |       |       |   687 |       |       |       ||   687
       Trident           |       |       |       |   120 |       |       |       ||   120
       Broad axe         |       |       |       |    44 |       |       |       ||    44
       War axe           |       |       |       |    17 |  1352 |  1706 |  1179 ||  4254
       Demon trident     |       |       |       |       |   132 |    60 |       ||   192
Throw: Stone             |    16 |    11 |       |       |       |       |       ||    27
       Tomahawk          |       |       |    17 |    26 |       |       |       ||    43
       Javelin           |       |       |     8 |    86 |    97 |    30 |     7 ||   228
Invok: Berserk           |     1 |     2 |     1 |     6 |       |     4 |     4 ||    18
       Trog's Hand       |       |     1 |     1 |     4 |       |     9 |    12 ||    27
       Brothers in Arms  |       |       |       |     1 |       |     9 |     5 ||    15
  Use: Scroll            |       |       |     3 |    21 |    23 |     7 |     9 ||    63
       Potion            |       |       |       |     1 |       |     2 |     6 ||     9
 Stab: Distracted        |       |       |       |     1 |       |     2 |     2 ||     5
       Petrifying        |       |       |       |       |     3 |       |       ||     3
       Petrified         |       |       |       |       |     2 |       |       ||     2
       Confused          |       |       |       |       |       |     1 |       ||     1
  Eat: Chunk             |       |     8 |    14 |    36 |    41 |    45 |    16 ||   160
       Pizza             |       |       |       |     1 |     1 |       |       ||     2
       Fruit             |       |       |       |     1 |     1 |     1 |     5 ||     8
       Royal jelly       |       |       |       |     1 |       |       |       ||     1
       Meat ration       |       |       |       |       |       |       |     1 ||     1
